 Dungeon Crawl Stone Soup version 0.29.0-13-gc9e81de378 (webtiles) character file.

Game seed: 10632243960770922691

66 ragingrage the Chopper (level 3, -3/29 HPs)
             Began as a Demonspawn Monk on Sept 9, 2022.
             Killed from afar by a dart slug (5 damage)
             ... with a slug dart
             ... on level 2 of the Dungeon.
             The game lasted 00:01:11 (1368 turns).

ragingrage the Chopper (Demonspawn Monk)            Turns: 1368, Time: 00:01:11

Health: -3/29      AC:  2    Str: 13    XL:     3   Next: 96%
Magic:  3/3        EV: 12    Int: 11    God:
Gold:   4          SH:  4    Dex: 15    Spells: 2/2 levels left

rFire   . . .      SeeInvis .   g - +1 mace (venom)
rCold   . . .      Faith    .   (no shield)
rNeg    . . .      Spirit   .   b - +0 robe
rPois   .          Reflect  .   (no helmet)
rElec   .          Harm     .   (no cloak)
rCorr   .          Rampage  .   (no gloves)
Will    .....                   (no boots)
Stlth   ++........              (no amulet)
HPRegen 0.09/turn               (no ring)
MPRegen 0.08/turn               (no ring)

@: no status effects
A: powered by pain 1, condensation shield
a: no special abilities


You were on level 2 of the Dungeon.
You visited 1 branch of the dungeon, and saw 2 of its levels.

You collected 54 gold pieces.
You spent 50 gold pieces at shops.

Inventory:

Hand Weapons
 a - a +0 hand axe
 g - a +1 mace of venom (weapon)
Missiles
 d - 2 poisoned darts (quivered)
 j - 6 curare-tipped darts
Armour
 b - a +0 robe (worn)
Scrolls
 f - a scroll of identify {unknown}
 i - a scroll of teleportation {unknown}
Potions
 c - a potion of ambrosia
 e - a potion of curing {unknown}
 h - a potion of mutation {unknown}


   Skills:
 - Level 3.0 Fighting
 + Level 4.4 Axes
 - Level 2.6 Dodging
 - Level 1.7 Stealth


You had 2 spell levels left.
You didn't know any spells.
Your spell library was empty.

Dungeon Overview and Level Annotations

Branches:
Dungeon (2/15)

Altars:

Shops:
D:1 (


Innate Abilities, Weirdness & Mutations

You sometimes gain a little power by taking damage.
A meltable shield of frost defends you. (SH +4)


Message History

You kill the adder!
The jackal barely misses you.
You hit the jackal.
You kill the jackal!
You feel sick. The jackal bites you.
* * * LOW HITPOINT WARNING * * *
You closely miss the jackal.
You feel sick.
You are no longer poisoned.
The jackal barely misses you. The jackal closely misses you.
You barely miss the jackal. The jackal closely misses you.
You closely miss the jackal. The jackal barely misses you. x2
You closely miss the jackal. You block the jackal's attack.
The jackal misses you.
You hit the jackal.
The jackal is poisoned.
The jackal is almost dead.
You block the jackal's attack. The jackal bites you.
* * * LOW HITPOINT WARNING * * *
You hit the jackal.
You kill the jackal!
The bat hits you.
* * * LOW HITPOINT WARNING * * *
The kobold throws a stone.
The stone closely misses you.
You barely miss the jackal. The jackal misses you. x2
You hit the jackal.
The jackal is poisoned.
The jackal is heavily wounded.
You kill the jackal!
The bat hits you but does no damage. You block the bat's attack.
You hit the bat but do no damage.
The bat is poisoned.
The bat hits you.
* * * LOW HITPOINT WARNING * * *
The bat barely misses you. The bat hits you but does no damage.
You barely miss the bat.
The bat is severely wounded.
You kill the bat!
The kobold hits you with a +0 whip.
* * * LOW HITPOINT WARNING * * *
You sock the kobold!
You kill the kobold!
The dart slug launches a dart at you. The slug dart hits you.
You die...

..............
.....##..............
.....##.............. .
.#..<.........."..... ..
....#.###.##.#..........
...##.##..# ...........
.###.....#####..........
......#####....###<.....
..............w)@.......
.##.#..........####.#...
.##...##.......# .
#..###.....>.# ....
.........#
................#
..................
..................


You could see a dart slug.

Vanquished Creatures
  3 adders
  A dart slug (D:1)
  5 ball pythons
  3 endoplasms (D:1)
  A giant cockroach (D:2)
  A goblin (D:1)
  4 hobgoblins (D:1)
  4 jackals (D:2)
  5 kobolds
  A quokka (D:1)
  3 bats
  A frilled lizard (D:1)
  2 rats
34 creatures vanquished.

Notes
Turn   | Place    | Note
-------+----------+-------------------------------------------
     0 | D:1      | ragingrage the Demonspawn Monk began the quest for the Orb.
     0 | D:1      | Reached XP level 1. HP: 18/18 MP: 1/1
     3 | D:1      | Noticed an electric eel
     4 | D:1      | Noticed an electric eel
    98 | D:1      | Reached skill level 3 in Axes
   258 | D:1      | Gained mutation: A meltable shield of frost defends you.
                  | (SH +4) [demonic ancestry]
   258 | D:1      | Reached XP level 2. HP: 19/24 MP: 2/2
   578 | D:1      | Found Vogesteust's Weapon Emporium.
   990 | D:2      | Gained mutation: You sometimes gain a little power by
                  | taking damage. [demonic ancestry]
   990 | D:2      | Reached XP level 3. HP: 22/29 MP: 3/3
  1000 | D:1      | Reached skill level 4 in Axes
  1318 | D:1      | Bought 6 curare-tipped darts for 50 gold pieces
  1368 | D:2      | Killed from afar by a dart slug

Illustrated notes

Levels and vault maps discovered:
D:1:      arrival_aquarium_b, layout_basic, serial_shops, shop_statue
D:2:      layout_rooms, serial_shops, nicolae_shop_trees, minivault_5,
          uniq_robin, uniq_jessica

Skill      XL: |  1  2  3 |
---------------+----------+-----
Axes           | 3 4 |  4.4
Fighting       | |  3.0
Dodging        | |  2.6
Stealth        | |  1.7

Action                   || total
-------------------------++-------
Melee: Hand axe          ||    28
       Mace              ||    51
       Punch             ||     1
 Stab: Sleeping          ||     5
Armor: Robe              ||    18
Dodge: Dodged            ||    67
Block: Other             ||    15
